 Dungeon Crawl Stone Soup version 0.27.1-16-g815e20cd7a (webtiles) character file.

Game seed: 2368460195614158756

76 TheCrusader the Chopper (level 4, -2/41 HPs)
             Began as a Hill Orc Monk on Nov 24, 2021.
             Slain by a gnoll (5 damage)
             ... on level 3 of the Dungeon.
             The game lasted 00:08:10 (3319 turns).

TheCrusader the Chopper (Hill Orc Monk)             Turns: 3319, Time: 00:08:11

Health: -2/41      AC:  5    Str: 14    XL:     4   Next: 32%
Magic:  4/4        EV: 11    Int: 10    God:
Gold:   104        SH:  0    Dex: 13    Spells: 3/3 levels left

rFire    . . .     SeeInvis .   a - +0 hand axe
rCold    . . .     Faith    .   (no shield)
rNeg     . . .     Spirit   .   g - +0 ring mail
rPois    .         Reflect  .   (no helmet)
rElec    .         Harm     .   (no cloak)
rCorr    .         Rampage  .   (no gloves)
Will     .....                  (no boots)
Stlth    +.........             (no amulet)
HPRegen  0.13/turn              (no ring)
MPRegen  0.09/turn              (no ring)

@: no status effects
A: no striking features
a: no special abilities


You were on level 3 of the Dungeon.
You visited 1 branch of the dungeon, and saw 4 of its levels.

You collected 104 gold pieces.

Inventory:

Hand Weapons
 a - a +0 hand axe (weapon)
Armour
 b - a +0 robe
 g - a +0 ring mail (worn)
Scrolls
 c - 2 scrolls of magic mapping {unknown}
 d - a scroll of vulnerability
 e - a scroll of identify
 h - 2 scrolls of fear {unknown}
 i - a scroll of enchant weapon {unknown}


   Skills:
 + Level 4.3 Fighting
 + Level 5.1 Axes
 + Level 1.0 Armour
 + Level 3.0 Dodging
 - Level 1.5 Stealth


You had 3 spell levels left.
You didn't know any spells.
Your spell library was empty.

Dungeon Overview and Level Annotations

Branches:
Dungeon (4/15)
 Temple: D:4-7

Altars:

Annotations:
D:4 Dowan, Duvessa


Message History

The gnoll is lightly wounded.
The gnoll barely misses you. x2
You hit the gnoll but do no damage.
The gnoll is lightly wounded.
A gnoll comes into view. It is wielding a +0 spear.
The gnoll completely misses you. The gnoll closely misses you.
The gnoll barely misses you. The gnoll hits you with a +0 halberd.
You hit the gnoll.
The gnoll is lightly wounded.
You hit the gnoll but do no damage. You barely miss the gnoll.
The gnoll completely misses you. The gnoll hits you with a +0 flail!
The gnoll hits you from afar with a +0 spear.
The gnoll closely misses you. The gnoll hits you with a +0 flail.
You hit the gnoll but do no damage.
The gnoll is lightly wounded.
You closely miss the gnoll. The gnoll hits you with a +0 whip.
The gnoll hits you with a +0 flail.
You hit the gnoll but do no damage.
The gnoll is lightly wounded.
You closely miss the gnoll. The gnoll hits you with a +0 whip.
* * * LOW HITPOINT WARNING * * *
The gnoll hits you with a +0 flail.
* * * LOW HITPOINT WARNING * * *
The gnoll hits you from afar with a +0 halberd.
* * * LOW HITPOINT WARNING * * *
The gnoll closely misses you.
It was a potion of curing.
You feel better. The gnoll hits you with a +0 whip.
* * * LOW HITPOINT WARNING * * *
The gnoll hits you but does no damage.
The gnoll hits you from afar with a +0 halberd.
* * * LOW HITPOINT WARNING * * *
The gnoll closely misses you.
As you read the scroll labelled EPO VIUM GEAMM, it crumbles to dust.
It is a scroll of identify.
d - a scroll of vulnerability The gnoll barely misses you.
The gnoll closely misses you.
The gnoll hits you from afar with a +0 halberd.
You die...

#.# #.#
#.# #.#
#.# #.#
########.#
......g#g#
......gg@#
####.#.###
... ###.
.. ##


You could see 4 gnolls.

Vanquished Creatures
  An adder (D:2)
  A worm (D:2)
  6 bats
  3 endoplasms
  2 giant cockroaches (D:1)
  6 goblins
  2 hobgoblins
  3 jackals (D:3)
  5 quokkas
  A ball python (D:4)
  3 frilled lizards
  6 kobolds
  A quokka skeleton (D:4)
  3 rats
43 creatures vanquished.

Vanquished Creatures (collateral kills)
  A hound (D:4)
  A hobgoblin (D:4)
  A quokka (D:4)
3 creatures vanquished.

Grand Total: 46 creatures vanquished

Notes
Turn   | Place    | Note
-------+----------+-------------------------------------------
     0 | D:1      | TheCrusader the Hill Orc Monk began the quest for the Orb.
     0 | D:1      | Reached XP level 1. HP: 19/19 MP: 1/1
   705 | D:1      | Reached XP level 2. HP: 24/27 MP: 2/2
  1648 | D:1      | Reached XP level 3. HP: 27/33 MP: 3/3
  2594 | D:2      | You fall into a shaft and drop 2 floors!
  2637 | D:4      | Reached skill level 5 in Axes
  2637 | D:4      | Reached XP level 4. HP: 27/41 MP: 4/4
  2756 | D:4      | Noticed Duvessa
  2756 | D:4      | Noticed Dowan
  3096 | D:3      | Reached skill level 1 in Armour
  3317 | D:3      | HP: 2/41 [gnoll (5)]
  3319 | D:3      | Slain by a gnoll

Illustrated notes

Levels and vault maps discovered:
D:1:      beargit_arrival_greenhouse, layout_basic,
          chequers_serial_rivers_room_a, minmay_tetromino_o4
D:2:      layout_rooms, chequers_ecumenical_altar_twisty
D:3:      minmay_diamond_boxcup, layout_basic
D:4:      layout_cave_pods, cheibrodos_sewer_entry_sluice,
          minmay_misc_feat_square, uniq_duvessa

Skill      XL: |  1  2  3  4 |
---------------+-------------+-----
Fighting       | 4 |  4.3
Axes           | 5 |  5.1
Dodging        | 3 |  3.0
Armour         | 1 |  1.0
Stealth        | |  1.5

Action                   |  1- 3 |  4- 6 || total
-------------------------+-------+-------++-------
Melee: Hand axe          |   125 |    25 ||   150
  Use: Scroll            |     1 |     1 ||     2
       Potion            |       |     1 ||     1
 Stab: Sleeping          |     7 |       ||     7
Armor: Robe              |    11 |       ||    11
       Ring mail         |    26 |     9 ||    35
Dodge: Dodged            |   107 |    22 ||   129
